[Event "DVM U12w 2024"]
[Site "Bad Homburg"]
[Date "2024.12.27"]
[Round "2"]
[White "Anaparthi, Anika"]
[Black "Doescher, Nayla"]
[Result "1/2-1/2"]
[ECO "C44"]
[WhiteElo "1052"]
[BlackElo "1437"]
[Annotator "NA RC"]
[PlyCount "168"]
[EventDate "2024.12.23"]
[EventType "team-tourn"]
[EventRounds "7"]
[EventCountry "GER"]
[SourceTitle "playchess.com"]
[Source "ChessBase"]
[SourceQuality "1"]
[TimeControl "40/5400+30:1800+30"]

1. e4 e5 2. c3 Nc6 3. Nf3 Nf6 4. d4 d6 5. d5 Ne7 6. Bd3 Ng6 7. O-O Be7 8. Bg5 O-O 9. Nbd2 c6 10. c4 Bd7 11. Nh4 Nxh4 12. Bxh4 h6 13. h3 Nh7 14. Bxe7 Qxe7 15. Qh5 Qf6 16. Be2 Ng5 17. Bg4 Bxg4 18. Qxg4 Rac8 19. b3 Rfd8 20. Rad1 Nh7 21. f4 Nf8 22. fxe5 Qxe5 23. Rf2 Ng6 24. Rdf1 Rf8 25. Nf3 Qf4 26. Qd7 Qxe4 27. Qxb7 cxd5 28. cxd5 Nf4 29. Nd2 Qxd5 30. Qxa7 Ra8 31. Qe3 Ng6 32. Nc4 Qc5 33. Qd2 d5 34. Ne3 f6 35. Nxd5 Rfd8 36. Rd1 Nf4 37. Qxf4 Rxd5 38. Rxd5 Qxd5 39. Rd2 Qg5 40. Qc4+ Kh8 41. Rc2 Rd8 42. Qe2 Qg6 43. a4 Re8 44. Qd2 f5 45. Qf2 Qe6 46. Rb2 Rb8 47. Qf3 Qe1+ 48. Qf1 Qe3+ 49. Qf2 Qc1+ 50. Kh2 Qc3 51. Qg3 Qb4 52. Rb1 Ra8 53. Qd3 Qf4+ 54. Qg3 Qe4 55. Qf3 Qe5+ 56. g3 Rc8 57. Rf1 Rc2+ 58. Rf2 Rc3 59. Qf4 Qxf4 60. Rxf4 Rxb3 61. Rxf5 Rb2+ 62. Kg1 Kh7 63. Rf2 Rb3 64. Kg2 Ra3 65. Rf4 Kg6 66. h4 Kh5 67. Kh3 g5 68. Rc4 Kg6 69. Kg2 gxh4 70. Rxh4 Kg5 71. Kh3 h5 72. Rc4 Ra2 73. Rb4 Ra3 74. Rb5+ Kg6 75. a5 Ra4 76. Rb6+ Kg5 77. Rb5+ Kg6 78. Rc5 Ra3 79. Kg2 Ra4 80. Kf3 Ra1 81. Rc6+ Kf5 82. a6 Ra3+ 83. Kg2 Kg4 84. Rc4+ Kg5 1/2-1/2

[Event "DVM U12w 2024"]
[Site "Bad Homburg"]
[Date "2024.12.27"]
[Round "2"]
[White "Mrugalski, Marie"]
[Black "Frenzel, Qorianka"]
[Result "0-1"]
[ECO "B13"]
[WhiteElo "1052"]
[BlackElo "1568"]
[Annotator "NA RC"]
[PlyCount "66"]
[EventDate "2024.12.23"]
[EventType "team-tourn"]
[EventRounds "7"]
[EventCountry "GER"]
[SourceTitle "playchess.com"]
[Source "ChessBase"]
[SourceQuality "1"]
[TimeControl "40/5400+30:1800+30"]

1. d4 Nf6 2. Bf4 d5 3. e3 c5 4. c3 e6 5. Nf3 Nc6 6. Bd3 cxd4 7. exd4 Nh5 8. Bg3 Be7 9. Nbd2 a6 10. Qc2 h6 11. O-O-O Qb6 12. Ne5 Nxg3 13. hxg3 Nxe5 14. dxe5 Qxf2 15. Rhg1 Qxg3 16. Rde1 Qf2 17. Qa4+ Bd7 18. Qb3 Bc6 19. Ref1 Qg3 20. Be2 Qxe5 21. Re1 Qc7 22. Rgf1 Qd7 23. Qc2 Rc8 24. Rf2 Bh4 25. Ref1 Bxf2 26. Rxf2 Rc7 27. Qd3 Bb5 28. Qg3 Rg8 29. Bxb5 axb5 30. Qf3 b4 31. Qe3 bxc3 32. bxc3 d4 33. Qf3 Rxc3+ 0-1

[Event "DVM U12w 2024"]
[Site "Bad Homburg"]
[Date "2024.12.27"]
[Round "2"]
[White "Bacakova, Johanna"]
[Black "Subocz, Emma"]
[Result "0-1"]
[ECO "B21"]
[WhiteElo "1045"]
[BlackElo "1106"]
[Annotator "NA RC"]
[PlyCount "82"]
[EventDate "2024.12.23"]
[EventType "team-tourn"]
[EventRounds "7"]
[EventCountry "GER"]
[SourceTitle "playchess.com"]
[Source "ChessBase"]
[SourceQuality "1"]
[TimeControl "40/5400+30:1800+30"]

1. e4 c5 2. d4 cxd4 3. c3 dxc3 4. Nxc3 d6 5. Nf3 Nc6 6. Bc4 e6 7. O-O Nf6 8. Qe2 Be7 9. Rd1 Qc7 10. Bg5 O-O 11. Rac1 a6 12. h3 b5 13. Bb3 Bb7 14. a3 Rfd8 15. Bc2 Rac8 16. Nb1 d5 17. exd5 Nxd5 18. Bxe7 Qxe7 19. Qe4 Nf6 20. Qf4 Rxd1+ 21. Rxd1 Qc5 22. Be4 Nxe4 23. Qxe4 Qc4 24. Qxc4 bxc4 25. Rc1 Ne7 26. Nbd2 Bd5 27. Ne5 Nc6 28. Nexc4 Nd4 29. Kf1 f5 30. Ke1 Bxg2 31. h4 h5 32. Kd1 g5 33. Ne5 Rxc1+ 34. Kxc1 gxh4 35. Ng6 h3 36. Nf4 h2 37. Nc4 h1=Q+ 38. Kd2 Nf3+ 39. Kc3 Qe1+ 40. Kb3 Nd4+ 41. Ka4 Bc6# 0-1

[Event "DVM U12w 2024"]
[Site "Bad Homburg"]
[Date "2024.12.27"]
[Round "2"]
[White "Haas, Valentina"]
[Black "Raghavan, Madhushri"]
[Result "0-1"]
[ECO "C28"]
[WhiteElo "974"]
[BlackElo "1410"]
[Annotator "NA RC"]
[PlyCount "130"]
[EventDate "2024.12.23"]
[EventType "team-tourn"]
[EventRounds "7"]
[EventCountry "GER"]
[SourceTitle "playchess.com"]
[Source "ChessBase"]
[SourceQuality "1"]
[TimeControl "40/5400+30:1800+30"]

1. e4 e5 2. Nc3 Nc6 3. Bc4 Nf6 4. d3 h6 5. f4 exf4 6. Bxf4 d6 7. Nf3 Bg4 8. h3 Bh5 9. Qe2 Nd4 10. Qf2 Nxf3+ 11. gxf3 d5 12. Nxd5 Nxd5 13. Bxd5 c6 14. Bc4 a5 15. a3 Qf6 16. Bc1 Qxf3 17. Qxf3 Bxf3 18. Bxf7+ Ke7 19. Rh2 Bxe4 20. dxe4 Kxf7 21. Bd2 b6 22. e5 Re8 23. Re2 g5 24. e6+ Rxe6 25. Rxe6 Kxe6 26. Bc3 Rh7 27. Rd1 Rd7 28. Rxd7 Kxd7 29. Bd4 b5 30. Kf2 Ke6 31. Kg3 c5 32. Bc3 b4 33. Bd2 a4 34. c4 bxc3 35. Bxc3 Kf5 36. Kf3 Bd6 37. Bg7 Be5 38. Bxe5 Kxe5 39. Kg4 Kf6 40. Kh5 Kg7 41. Kg4 Kg6 42. Kg3 Kf5 43. Kf3 h5 44. Kg3 g4 45. hxg4+ hxg4 46. Kg2 Ke4 47. Kg3 Kd3 48. Kxg4 Kc2 49. Kf3 Kxb2 50. Ke2 c4 51. Kd2 c3+ 52. Ke3 c2 53. Ke4 c1=Q 54. Ke5 Kxa3 55. Kd4 Kb3 56. Ke4 a3 57. Kd4 a2 58. Ke4 a1=R 59. Kd4 Qd2+ 60. Ke4 Re1+ 61. Kf3 Qd8 62. Kf2 Re7 63. Kf3 Qf8+ 64. Kg4 Rg7+ 65. Kh5 Qh8# 0-1

[Event "DVM U12w 2024"]
[Site "Bad Homburg"]
[Date "2024.12.27"]
[Round "2"]
[White "Litvinchuk, Mariia"]
[Black "Doberchak, Emily Alice"]
[Result "0-1"]
[ECO "C54"]
[WhiteElo "972"]
[BlackElo "1106"]
[Annotator "NA RC"]
[PlyCount "132"]
[EventDate "2024.12.23"]
[EventType "team-tourn"]
[EventRounds "7"]
[EventCountry "GER"]
[SourceTitle "playchess.com"]
[Source "ChessBase"]
[SourceQuality "1"]
[TimeControl "40/5400+30:1800+30"]

1. e4 e5 2. Nf3 Nc6 3. Bc4 Bc5 4. c3 d6 5. d3 Nf6 6. Be3 b6 7. Nbd2 Bg4 8. h3 Bh5 9. Nf1 d5 10. Bb5 Qd6 11. Ng3 Bg6 12. O-O O-O 13. b4 Bxe3 14. fxe3 dxe4 15. dxe4 Ne7 16. Qxd6 cxd6 17. Rad1 Rfd8 18. Bd3 Nc6 19. Nh4 d5 20. Nxg6 hxg6 21. exd5 Nxd5 22. Be4 Nce7 23. Rd3 f5 24. Bxd5+ Rxd5 25. Rfd1 Rad8 26. Rxd5 Rxd5 27. Re1 a5 28. e4 Rd3 29. Kh2 f4 30. Ne2 Re3 31. Kg1 Rxe4 32. bxa5 bxa5 33. Kf2 Nd5 34. Rd1 Nf6 35. Rd6 Ra4 36. Kf3 g5 37. g3 Rxa2 38. gxf4 exf4 39. Nd4 Ra3 40. Rc6 Nd5 41. Nb5 Rb3 42. Rc5 Ne3 43. Rxg5 Nd1 44. Kxf4 a4 45. Rg3 Rxb5 46. Rd3 Nb2 47. Rd2 a3 48. Rd8+ Kh7 49. Ra8 Nc4 50. Ke4 Ra5 51. Rc8 Ra4 52. Rd8 Nb2+ 53. Rd4 Rxd4+ 54. cxd4 a2 55. d5 a1=Q 56. Ke5 Nc4+ 57. Ke6 Qf6+ 58. Kd7 Nb6+ 59. Kc7 Nxd5+ 60. Kb7 Qd6 61. Ka7 Qc6 62. Kb8 Qd7 63. h4 Nc3 64. h5 Nb5 65. h6 Qc7+ 66. Ka8 Qa7# 0-1

[Event "DVM U12w 2024"]
[Site "Bad Homburg"]
[Date "2024.12.27"]
[Round "2"]
[White "Khachaturyan, Viktoria"]
[Black "Lange, Lene Marie"]
[Result "0-1"]
[ECO "C42"]
[WhiteElo "966"]
[BlackElo "1501"]
[Annotator "NA RC"]
[PlyCount "150"]
[EventDate "2024.12.23"]
[EventType "team-tourn"]
[EventRounds "7"]
[EventCountry "GER"]
[SourceTitle "playchess.com"]
[Source "ChessBase"]
[SourceQuality "1"]
[TimeControl "40/5400+30:1800+30"]

1. e4 e5 2. Nf3 Nf6 3. Nc3 Bb4 4. Bc4 d6 5. d3 O-O 6. Bg5 Be6 7. O-O h6 8. Bh4 Bxc4 9. dxc4 Nbd7 10. Nd5 c6 11. Nxb4 Qc7 12. Qd2 Nxe4 13. Qe3 Nef6 14. Bxf6 Nxf6 15. c5 a5 16. Nd3 e4 17. cxd6 Qxd6 18. Rad1 exf3 19. Nf4 Qc7 20. Qxf3 Rad8 21. Nh5 Nxh5 22. Qxh5 Rxd1 23. Rxd1 Re8 24. h3 Re5 25. Qh4 Rd5 26. Re1 Qd7 27. Qg4 Qxg4 28. hxg4 Kf8 29. Re3 Rd1+ 30. Kh2 Rd2 31. Rb3 Rxf2 32. Rxb7 Rxc2 33. a3 g5 34. b4 axb4 35. Rxb4 Ra2 36. Ra4 Ke7 37. Ra7+ Ke6 38. a4 f6 39. a5 Kd5 40. Ra8 Kc5 41. a6 Kb5 42. Rb8+ Kc5 43. Ra8 Kd6 44. Kg3 Kc7 45. Rf8 Rxa6 46. Rxf6 Ra3+ 47. Kf2 Ra4 48. Kf3 c5 49. Ke3 Rxg4 50. Rxh6 Rxg2 51. Rh1 Kd6 52. Kf3 Rd2 53. Kg4 Rd5 54. Rh6+ Ke5 55. Kxg5 Kd4+ 56. Kf4 c4 57. Rh1 c3 58. Rd1+ Kc4 59. Rxd5 Kxd5 60. Ke3 Kc4 61. Ke2 Kb3 62. Kd1 Kb2 63. Ke2 c2 64. Ke3 c1=Q+ 65. Ke4 Qd2 66. Ke5 Qd3 67. Kf4 Qe2 68. Kg3 Qf1 69. Kh2 Qf3 70. Kg1 Kc2 71. Kh2 Kd2 72. Kg1 Ke2 73. Kh2 Qg4 74. Kh1 Kf2 75. Kh2 Qh4# 0-1

[Event "DVM U12w 2024"]
[Site "Bad Homburg"]
[Date "2024.12.27"]
[Round "2"]
[White "Wang, Lexin Selina"]
[Black "Naz Öksüz, Meryem"]
[Result "1-0"]
[ECO "A00"]
[WhiteElo "920"]
[BlackElo "1296"]
[Annotator "NA"]
[PlyCount "79"]
[EventDate "2024.12.23"]
[EventType "team-tourn"]
[EventRounds "7"]
[EventCountry "GER"]
[SourceTitle "playchess.com"]
[Source "ChessBase"]
[SourceQuality "1"]
[TimeControl "40/5400+30:1800+30"]

1. e4 d5 2. Nc3 d4 3. Nce2 e5 4. d3 Nc6 5. Nf3 g6 6. a3 Bg7 7. c3 Bg4 8. h3 Bxf3 9. gxf3 Qf6 10. Bg2 O-O-O 11. cxd4 exd4 12. b4 Bh6 13. Bb2 Qg5 14. O-O f5 15. b5 Ne5 16. Nxd4 Rd6 17. Rc1 Kb8 18. Rc5 fxe4 19. Qc2 exf3 20. Nxf3 Nxf3+ 21. Kh1 Qf4 22. Bxf3 Qxf3+ 23. Kh2 Bf4+ 24. Kg1 Qxh3 25. f3 Be3+ 26. Rf2 Qg3+ 27. Kf1 Qh3+ 28. Ke2 Re6 29. Rxc7 Bb6+ 30. Kd2 Bxc7 31. Bxh8 Ba5+ 32. Kc1 Re1+ 33. Kb2 Qf5 34. Qb3 Qc8 35. Rc2 Qf8 36. Bc3 Bxc3+ 37. Qxc3 Re6 38. Qc7+ Ka8 39. Qc8+ Qxc8 40. Rxc8# 1-0

[Event "DVM U12w 2024"]
[Site "Bad Homburg"]
[Date "2024.12.27"]
[Round "2"]
[White "Schindler, Mailin"]
[Black "Slowik, Anna"]
[Result "0-1"]
[ECO "C55"]
[WhiteElo "884"]
[BlackElo "1103"]
[Annotator "NA RC"]
[PlyCount "96"]
[EventDate "2024.12.23"]
[EventType "team-tourn"]
[EventRounds "7"]
[EventCountry "GER"]
[SourceTitle "playchess.com"]
[Source "ChessBase"]
[SourceQuality "1"]
[TimeControl "40/5400+30:1800+30"]

1. e4 e5 2. Nf3 Nc6 3. Nc3 Nf6 4. Bc4 Nxe4 5. d3 Nxc3 6. bxc3 a6 7. O-O d5 8. Bb3 Be7 9. Re1 Qd6 10. a4 O-O 11. Ba3 Qe6 12. Bxe7 Nxe7 13. Rxe5 Qf6 14. Re1 Bg4 15. Re3 Nf5 16. Re1 d4 17. Re4 Bxf3 18. Qxf3 dxc3 19. Rf4 g6 20. Qg4 Qg7 21. h4 h5 22. Qg5 Kh7 23. Rd1 Nd4 24. Re1 Nxb3 25. cxb3 Rae8 26. Rc1 Re5 27. Qg3 Rc5 28. Qe3 Rc6 29. b4 b6 30. b5 axb5 31. axb5 Rc5 32. Rc4 Rxb5 33. R4xc3 c5 34. Qe4 Qd4 35. Qe7 Kg7 36. Rc4 Qxd3 37. Qe5+ f6 38. Qe7+ Rf7 39. Rf4 Rxe7 40. Rf1 Qxf1+ 41. Kh2 c4 42. Rf3 Rb3 43. Kg3 Rxf3+ 44. Kxf3 Qe2+ 45. Kg3 Qg4+ 46. Kh2 Re2 47. Kh1 Qxh4+ 48. Kg1 Re1# 0-1

[Event "DVM U12w 2024"]
[Site "Bad Homburg"]
[Date "2024.12.27"]
[Round "2"]
[White "He, Siqi"]
[Black "Klymenko, Stefaniia"]
[Result "1-0"]
[ECO "C50"]
[WhiteElo "870"]
[BlackElo "785"]
[Annotator "NA RC"]
[PlyCount "55"]
[EventDate "2024.12.23"]
[EventType "team-tourn"]
[EventRounds "7"]
[EventCountry "GER"]
[SourceTitle "playchess.com"]
[Source "ChessBase"]
[SourceQuality "1"]
[TimeControl "40/5400+30:1800+30"]

1. e4 e5 2. Nf3 Nc6 3. Bc4 Bc5 4. d3 Nf6 5. Nc3 d6 6. h3 Be6 7. Bb3 O-O 8. Bg5 h6 9. Bh4 d5 10. exd5 Bxd5 11. Nxd5 g5 12. Nxf6+ Qxf6 13. Bg3 Nd4 14. Bd5 c6 15. Be4 h5 16. c3 Nxf3+ 17. Bxf3 Rad8 18. O-O Kg7 19. Re1 Rde8 20. Bxh5 Qh6 21. Bxe5+ Kg8 22. Bd4 Bxd4 23. cxd4 Rxe1+ 24. Qxe1 Qxh5 25. Qb4 g4 26. d5 cxd5 27. hxg4 Qxg4 28. Qxg4+ 1-0

[Event "DVM U12w 2024"]
[Site "Bad Homburg"]
[Date "2024.12.27"]
[Round "2"]
[White "Dinges, Mara"]
[Black "Rempel, Katharina"]
[Result "1-0"]
[ECO "D02"]
[WhiteElo "854"]
[BlackElo "851"]
[Annotator "NA RC"]
[PlyCount "51"]
[EventDate "2024.12.23"]
[EventType "team-tourn"]
[EventRounds "7"]
[EventCountry "GER"]
[SourceTitle "playchess.com"]
[Source "ChessBase"]
[SourceQuality "1"]
[TimeControl "40/5400+30:1800+30"]

1. d4 d5 2. Bf4 Nc6 3. e3 Bf5 4. Nf3 Nf6 5. c3 e6 6. Bd3 Qe7 7. Qc2 Bxd3 8. Qxd3 O-O-O 9. Nbd2 Qd7 10. Ne5 Nxe5 11. Bxe5 Be7 12. b4 Bd6 13. Bxd6 Qxd6 14. O-O Ng4 15. Nf3 h5 16. e4 h4 17. h3 Rh5 18. e5 Qe7 19. a4 Nh6 20. a5 a6 21. b5 c6 22. bxa6 b6 23. axb6 Nf5 24. b7+ Kb8 25. Rfb1 Qc7 26. a7# 1-0

[Event "DVM U12w 2024"]
[Site "Bad Homburg"]
[Date "2024.12.27"]
[Round "2"]
[White "Nuzhnaia, Daria"]
[Black "Seyedfakhari, Elena"]
[Result "0-1"]
[ECO "C44"]
[WhiteElo "831"]
[BlackElo "986"]
[Annotator "NA RC"]
[PlyCount "74"]
[EventDate "2024.12.23"]
[EventType "team-tourn"]
[EventRounds "7"]
[EventCountry "GER"]
[SourceTitle "playchess.com"]
[Source "ChessBase"]
[SourceQuality "1"]
[TimeControl "40/5400+30:1800+30"]

1. e4 e5 2. Nf3 Nc6 3. d4 exd4 4. Bc4 Bc5 5. c3 dxc3 6. Bxf7+ Kf8 7. Qd5 Qe7 8. O-O Nf6 9. Qc4 Qxf7 10. Qxc5+ d6 11. Qxc3 Nxe4 12. Ng5 Nxc3 13. Nxf7 Ne2+ 14. Kh1 Kxf7 15. Nc3 Nxc1 16. Raxc1 Bf5 17. Nd5 Rac8 18. Rfe1 Be6 19. Rcd1 Bxd5 20. Rxd5 Rce8 21. Rf5+ Kg6 22. Rxe8 Rxe8 23. g4 h5 24. Rxh5 Re2 25. Kg2 Rxb2 26. a4 Ne5 27. h3 Ra2 28. Kg3 Rxa4 29. f4 Ra3+ 30. Kg2 Nf7 31. f5+ Kf6 32. h4 Ra2+ 33. Kg3 b5 34. Kf4 b4 35. g5+ Ke7 36. g6 Ne5 37. Rh7 Kf8 0-1

[Event "DVM U12w 2024"]
[Site "Bad Homburg"]
[Date "2024.12.27"]
[Round "2"]
[White "Lachenmaier, Alica"]
[Black "Lorenz, Mina"]
[Result "1-0"]
[ECO "A25"]
[WhiteElo "824"]
[BlackElo "776"]
[Annotator "NA RC"]
[PlyCount "75"]
[EventDate "2024.12.23"]
[EventType "team-tourn"]
[EventRounds "7"]
[EventCountry "GER"]
[SourceTitle "playchess.com"]
[Source "ChessBase"]
[SourceQuality "1"]
[TimeControl "40/5400+30:1800+30"]

1. c4 e5 2. Nc3 Nc6 3. g3 Bc5 4. Bg2 d6 5. e3 Bf5 6. Nge2 Nb4 7. O-O Nc2 8. Rb1 Nb4 9. Ne4 Nf6 10. f3 h5 11. d4 Bb6 12. d5 Nxa2 13. Qa4+ Qd7 14. Qxa2 h4 15. g4 h3 16. gxf5 hxg2 17. Kxg2 Qxf5 18. Qa4+ Ke7 19. N2g3 Qh3+ 20. Kf2 Qxh2+ 21. Ke1 Qh4 22. Kd1 Qh3 23. Rh1 Qg2 24. Nf5+ Kf8 25. Rxh8+ Ng8 26. Qd7 Re8 27. Rxg8+ Kxg8 28. Qxe8+ Kh7 29. Qe7 Qf1+ 30. Kc2 Qxc4+ 31. Kd2 Ba5+ 32. Nc3 Kg6 33. Nh4+ Kh5 34. Nf5 Kg6 35. e4 Qb3 36. Kd3 Bxc3 37. Qg5+ Kh7 38. Qxg7# 1-0

[Event "DVM U12w 2024"]
[Site "Bad Homburg"]
[Date "2024.12.27"]
[Round "2"]
[White "Gelbach, Amelia"]
[Black "Lao, Theodora Siyuan"]
[Result "0-1"]
[ECO "C54"]
[WhiteElo "809"]
[BlackElo "1170"]
[Annotator "NA RC"]
[PlyCount "28"]
[EventDate "2024.12.23"]
[EventType "team-tourn"]
[EventRounds "7"]
[EventCountry "GER"]
[SourceTitle "playchess.com"]
[Source "ChessBase"]
[SourceQuality "1"]
[TimeControl "40/5400+30:1800+30"]

1. e4 e5 2. Nf3 Nc6 3. Bc4 Nf6 4. d3 Bc5 5. c3 d5 6. exd5 Nxd5 7. d4 exd4 8. cxd4 Bb4+ 9. Bd2 Bxd2+ 10. Nbxd2 Qe7+ 11. Qe2 Qxe2+ 12. Bxe2 Bg4 13. Nb3 O-O-O 14. Rd1 Rhe8 0-1

[Event "DVM U12w 2024"]
[Site "Bad Homburg"]
[Date "2024.12.27"]
[Round "2"]
[White "Henn, Lena"]
[Black "Rabus, Luise"]
[Result "0-1"]
[ECO "B13"]
[WhiteElo "808"]
[BlackElo "983"]
[Annotator "NA RC"]
[PlyCount "76"]
[EventDate "2024.12.23"]
[EventType "team-tourn"]
[EventRounds "7"]
[EventCountry "GER"]
[SourceTitle "playchess.com"]
[Source "ChessBase"]
[SourceQuality "1"]
[TimeControl "40/5400+30:1800+30"]

1. e4 c6 2. d4 d5 3. exd5 cxd5 4. Bd3 Nc6 5. c3 Nf6 6. Nf3 Bg4 7. Nbd2 e6 8. h3 Bxf3 9. Nxf3 Bd6 10. Bg5 O-O 11. Bc2 Re8 12. Ba4 Qd7 13. O-O Ne4 14. Qd3 Nxg5 15. Nxg5 g6 16. c4 Qe7 17. Qe3 Qc7 18. Nf3 Bf4 19. Qd3 Re7 20. a3 Na5 21. b3 a6 22. b4 Nc6 23. Bxc6 bxc6 24. g3 Bd6 25. c5 Bxg3 26. fxg3 Qxg3+ 27. Kh1 Qxh3+ 28. Kg1 Qg3+ 29. Kh1 g5 30. Rg1 Qh3+ 31. Nh2 Qxd3 32. Rxg5+ Kh8 33. Ng4 Rg8 34. Rxg8+ Kxg8 35. Nf6+ Kh8 36. Kh2 Qe2+ 37. Kh3 Qf3+ 38. Kh2 Qxf6 0-1

[Event "DVM U12w 2024"]
[Site "Bad Homburg"]
[Date "2024.12.27"]
[Round "2"]
[White "Augustin, Luisa"]
[Black "Scarlat-Timofte, Elena"]
[Result "0-1"]
[ECO "C50"]
[WhiteElo "797"]
[BlackElo "1024"]
[Annotator "NA RC"]
[PlyCount "80"]
[EventDate "2024.12.23"]
[EventType "team-tourn"]
[EventRounds "7"]
[EventCountry "GER"]
[SourceTitle "playchess.com"]
[Source "ChessBase"]
[SourceQuality "1"]
[TimeControl "40/5400+30:1800+30"]

1. e4 e5 2. Nf3 Nc6 3. Bc4 Nf6 4. Nc3 Bc5 5. d3 Ng4 6. Bg5 Bxf2+ 7. Kf1 f6 8. Nd2 d6 9. Qf3 Nd4 10. Qd1 fxg5 11. h3 Ne3+ 12. Kxf2 Nxd1+ 13. Raxd1 Nxc2 14. Rhf1 Qf6+ 15. Kg1 Qh6 16. Nb5 Kd8 17. Rc1 Ne3 18. Rf3 g4 19. hxg4 Bxg4 20. Rg3 Qf4 21. Rf3 Bxf3 22. Nxf3 Qg3 23. Rc2 Nxc2 24. d4 Ne1 25. Nxe1 Qxe1+ 26. Kh2 Qb4 27. b3 a6 28. a3 Qd2 29. dxe5 Qf4+ 30. Kg1 Qxe5 31. Bd5 c6 32. a4 cxd5 33. exd5 Qxd5 34. Nc3 Qd4+ 35. Kh2 Qxc3 36. a5 Qxb3 37. g4 Rf8 38. g5 Rf2+ 39. Kg1 Rc2 40. g6 Qb1# 0-1

[Event "DVM U12w 2024"]
[Site "Bad Homburg"]
[Date "2024.12.27"]
[Round "2"]
[White "Markl, Paula"]
[Black "Senthilkumar, Vasanthi"]
[Result "1-0"]
[ECO "C26"]
[WhiteElo "759"]
[BlackElo "818"]
[Annotator "NA RC"]
[PlyCount "49"]
[EventDate "2024.12.23"]
[EventType "team-tourn"]
[EventRounds "7"]
[EventCountry "GER"]
[SourceTitle "playchess.com"]
[Source "ChessBase"]
[SourceQuality "1"]
[TimeControl "40/5400+30:1800+30"]

1. e4 e5 2. Nf3 Nc6 3. Nc3 Bc5 4. g3 Nf6 5. Bg2 O-O 6. O-O d6 7. d3 h6 8. Bd2 Bg4 9. a3 Bxf3 10. Bxf3 Re8 11. b4 Bb6 12. Nd5 Nxd5 13. exd5 Nd4 14. c3 Nxf3+ 15. Qxf3 Qd7 16. a4 a6 17. a5 Ba7 18. Ra4 Qxa4 19. Qg4 Qc2 20. Bxh6 Kf8 21. Qxg7+ Ke7 22. Bg5+ Kd7 23. Qxf7+ Re7 24. Qxe7+ Kc8 25. Qd8# 1-0